 Dungeon Crawl Stone Soup version 0.32-a0-918-g0f22ef8d61 (webtiles) character file.

Game seed: 16356594410034931760

7828 Cancer the Geomancer (level 11, -6/64 HPs)
             Began as a Gargoyle Earth Elementalist on Apr 11, 2024.
             Was an Elder of Vehumet.
             Mangled by a white ugly thing (30 damage)
             ... on level 10 of the Dungeon.
             The game lasted 00:42:41 (11710 turns).

Cancer the Geomancer (Gargoyle Earth Elementalist) Turns: 11710, Time: 00:42:42

Health: -6/64      AC: 16    Str: 14    XL:     11   Next: 21%
Magic:  2/23       EV: 26    Int: 21    God:    Vehumet [****..]
Gold:   715        SH:  0    Dex: 14    Spells: 14/26 levels left

rFire   . . .        w - +9 quarterstaff "Zuntouch" {flame, Will+ Str-3 Dex+4}
rCold   . . .        (shield currently unavailable)
rNeg    + . .        m - +1 robe "Atwaq" {Regen+ Stlth+}
rPois   ∞            i - +0 helmet
rElec   +            F - +0 cloak
rCorr   .            M - +0 pair of gloves
SInv    +            c - +0 pair of boots
Will    +....        d - amulet of the acrobat
Stlth   ++++         y - +6 ring of strength
HPRegen 1.10/turn    I - ring of see invisible
MPRegen 0.18/turn

%: acrobat
@: acrobatic
A: sickness immunity, AC +8, negative energy resistance 1, electricity
resistance, torment resistance 1, petrification resistance
a: Renounce Religion


You were on level 10 of the Dungeon.
You worshipped Vehumet.
Vehumet was greatly pleased with you.
You visited 2 branches of the dungeon, and saw 12 of its levels.

You collected 715 gold pieces.

Inventory:

Hand Weapons
 w - the +9 quarterstaff "Zuntouch" (weapon) {flame, Will+ Str-3 Dex+4}
   (You took it off an orc on level 3 of the Dungeon)

   Str-3:     It affects your strength (-3).
   Dex+4:     It affects your dexterity (+4).
   Will+:     It increases your willpower.
Armour
 c - a +0 pair of boots (worn)
 i - a +0 helmet (worn)
 l - a scarf of repulsion
 m - the +1 robe "Atwaq" (worn) {Regen+ Stlth+}
   (You found it on level 2 of the Dungeon)

   Regen+:    It increases your rate of health regeneration.
   Stlth+:    It makes you more stealthy.
 o - a scarf of resistance
 B - a +2 robe of fire resistance
 F - a +0 cloak (worn)
 M - a +0 pair of gloves (worn)
Jewellery
 d - an amulet of the acrobat (around neck)
 g - an amulet of regeneration
 y - a +6 ring of strength (left hand)
 z - a ring of resist corrosion
 I - a ring of see invisible (right hand)
Scrolls
 a - 2 scrolls of fog {unknown}
 f - 9 scrolls of identify {unknown}
 h - 5 scrolls of teleportation {unknown}
 k - 3 scrolls of noise {unknown}
 n - a scroll of blinking {unknown}
 q - a scroll of torment {unknown}
 t - a scroll of enchant weapon {unknown}
 u - 6 scrolls of fear {unknown}
 C - 2 scrolls of enchant armour {unknown}
 H - a scroll of summoning {unknown}
 J - a scroll of revelation {unknown}
 N - a scroll of silence {unknown}
 R - a scroll of vulnerability {unknown}
Potions
 b - 2 potions of magic
 e - a potion of berserk rage {unknown}
 j - a potion of might {unknown}
 p - a potion of brilliance {unknown}
 r - 4 potions of heal wounds {unknown}
 s - 4 potions of haste {unknown}
 E - a potion of attraction {unknown}
 K - 5 potions of curing {unknown}
 O - a potion of enlightenment {unknown}
 U - a potion of degeneration {unknown}


   Skills:
 + Level 5.2 Fighting
 - Level 4.0 Armour
 - Level 2.0 Dodging
 - Level 6.0 Stealth
 + Level 8.2 Spellcasting
 + Level 9.3 Conjurations
 + Level 10.8 Earth Magic
 + Level 2.4 Alchemy


You had 14 spell levels left.
You knew the following spells:

 Your Spells              Type           Power      Damage    Failure   Level
a - Sandblast             Erth           100%       2d20      1%          1
b - Stone Arrow           Conj/Erth      100%       3d13      1%          3
c - Irradiate             Conj/Alch      16%        3d17      5%          5
d - Passwall              Erth           52%        N/A       1%          3

Your spell library contained the following spells:

 Spells                   Type           Power      Damage    Failure   Level
 Mephitic Cloud           Conj/Alch/Air  25%        N/A       1%          3
 Brom's Barrelling Bould  Conj/Erth      50%        2d7       1%          4
 Lee's Rapid Deconstruct  Erth           26%        3d14*     1%          5
 Leda's Liquefaction      Alch/Erth      18%        N/A       4%          4
 Petrify                  Alch/Erth      36%        N/A       4%          4
 Summon Small Mammal      Summ           32%        N/A       8%          1
 Olgreb's Toxic Radiance  Alch           18%        N/A       8%          4
 Call Imp                 Summ           16%        N/A       12%         2
 Ensorcelled Hibernation  Hex/Ice        16%        N/A       12%         2
 Call Canine Familiar     Summ           8%         N/A       24%         3
 Fugue of the Fallen      Necr           8%         N/A       24%         3
 Ozocubu's Armour         Ice            8%         N/A       24%         3
 Permafrost Eruption      Ice/Erth       15%        2x4d4     32%         6
 Anguish                  Hex/Necr       4%         N/A       61%         4
 Dispel Undead            Necr           8%         3d8       61%         4
 Martyr's Knell           Necr/Summ      8%         N/A       61%         4
 Summon Blazeheart Golem  Fire/Summ      8%         N/A       61%         4
 Manifold Assault         Tloc           4%         N/A       100%        7
 Ozocubu's Refrigeration  Ice            4%         4d8       100%        7
 Summon Hydra             Summ           4%         N/A       100%        7
 Discord                  Hex            4%         N/A       100%        8
 Cigotuvi's Dreadful Rot  Necr/Alch/Air  Unusable   N/A       N/A         2
 Sublimation of Blood     Necr           Unusable   N/A       N/A         2

Dungeon Overview and Level Annotations

Branches:
Dungeon (11/15)            Temple (1/1) D:5            Lair (0/5) D:9
    Orc: D:9-12

Altars:
Ashenzari
Cheibriados
Dithmenos
Elyvilon
Fedhas
Gozag
Hepliaklqana
Kikubaaqudgha
Makhleb
Nemelex Xobeh
Okawaru
Qazlal
Ru
Sif Muna
Trog
Uskayaw
Vehumet
Wu Jian
Xom
Yredelemnul
Zin
The Shining One

Shops:
D:1 *   D:9 **

Annotations:
D:1 water
D:6 wall
D:9 stash, water


Innate Abilities, Weirdness & Mutations

You are immune to sickness and miasma.
Your stone body is resilient. (AC +8)
You are immune to poison.
You resist negative energy. (rN+)
You are resistant to electric shocks. (rElec)
You are resistant to unholy torment.
You are immune to petrification.


Message History

The white ugly thing is heavily wounded.
Casting: Stone Arrow (safe; 1% risk of failure)
Confirm with . or Enter, or press ? or * to list all spells.
Aiming: Stone Arrow (safe; 1% risk of failure)
Press: ? - help, Shift-Dir - straight line, f/p - white ugly thing
Aim: a white ugly thing (heavily wounded, 78% to hit)
The stone arrow misses the white ugly thing.
The stone arrow hits the orc!
You kill the orc!
Vehumet accepts your kill.
The white ugly thing claws you but does no damage.
The orc warrior misses you.
Casting: Stone Arrow (safe; 1% risk of failure)
Confirm with . or Enter, or press ? or * to list all spells.
Aiming: Stone Arrow (safe; 1% risk of failure)
Press: ? - help, Shift-Dir - straight line, f/p - white ugly thing
Aim: a white ugly thing (heavily wounded, 78% to hit)
The stone arrow hits the white ugly thing!
The white ugly thing is severely wounded.
The white ugly thing claws you but does no damage.
The orc warrior hits you from afar with a +0 glaive!
The white ugly thing attacks as it pursues you!
The white ugly thing misses you.
There is a stone staircase leading up here.
The white ugly thing claws you. The white ugly thing freezes you!!
The orc warrior misses you.
You climb upwards.
There is a stone staircase leading down here.
Casting: Stone Arrow (safe; 1% risk of failure)
Confirm with . or Enter, or press ? or * to list all spells.
Aiming: Stone Arrow (safe; 1% risk of failure)
Press: ? - help, Shift-Dir - straight line, f - white ugly thing
Aim: a white ugly thing (severely wounded, 78% to hit)
The stone arrow hits the white ugly thing!
The white ugly thing is almost dead.
The white ugly thing barely misses you.
The white ugly thing completely misses you.
The white ugly thing attacks as it pursues you!
The white ugly thing claws you. The white ugly thing freezes you!!
You die...

##.###.#............#..####
#...#.##...........)......
###.#.#..............#...#
#...#.......#####....#..
##..........#####.[#)###
#........>....###.#....
##.....................
#.....u....#...#..###.
#....@....(..#....##..
####........##....#...#.#
#......########.#.#.#....
##.###..# ##.....#.....##.
##).###..###..[.......(....
######..)....................).#
#...)...........................
#...............................
#...............................


You could see a white ugly thing.

Vanquished Creatures
  A two-headed ogre (D:11)
  An ugly thing (D:10)
  A komodo dragon (D:9)
  A troll (D:9)
  A shadow (D:10)
  6 yaks (D:10)
  Edmund (D:6)
  3 steam dragons
  Duvessa (D:4)
  3 orc warriors
  2 ice beasts (D:5)
  3 sky beasts
  5 ogres
  The ghost of RockinRobin the Covered, an amateur MDFi (D:3)
  A black bear (D:6)
  4 centaurs
  Blork the orc (D:4)
  A kobold brigand (D:3)
  4 bullfrogs
  A gnoll sergeant (D:9)
  A scorpion (D:6)
  5 wights (D:7)
  A burial acolyte (D:6)
  Dowan (D:4)
  3 killer bees (D:9)
  8 howler monkeys
  2 bombardier beetles
  Crazy Yiuf (D:4)
  9 orc priests
  9 hounds
  2 jellies
  3 gnoll boudas
  Terence (D:2)
  5 sleepcaps
  3 iguanas
  7 orc wizards
  Ijyb (D:4)
  A killer bee zombie (D:6)
  29 gnolls
  5 adders
  3 shadow imps
  2 white imps (D:6)
  3 ufetubi (D:6)
  4 dart slugs
  4 ribbon worms (D:3)
  56 orcs
  13 endoplasms
  6 giant cockroaches
  7 goblins
  7 hobgoblins
  18 jackals
  3 quokkas
  4 ball pythons
  14 bats
  2 frilled lizards
  4 kobolds
  8 rats
297 creatures vanquished.

Vanquished Creatures (others)
  A human (D:6)
1 creature vanquished.

Grand Total: 298 creatures vanquished

Notes
Turn   | Place    | Note
-------+----------+-------------------------------------------
     0 | D:1      | Cancer the Gargoyle Earth Elementalist began the quest for
                  | the Orb.
     0 | D:1      | Reached XP level 1. HP: 10/10 MP: 3/3
   192 | D:1      | Reached XP level 2. HP: 15/15 MP: 1/5
   379 | D:1      | Reached skill level 4 in Earth Magic
   429 | D:1      | Found Niakhliwk's General Store.
   962 | D:1      | Found a faded altar of an unknown god.
  1041 | D:1      | Reached XP level 3. HP: 19/19 MP: 4/6
  1407 | D:2      | Noticed Terence
  1626 | D:2      | Identified the +1 robe "Atwaq" {Regen+ Stlth+}
  2167 | D:2      | Learned a level 3 spell: Stone Arrow
  2171 | D:2      | Learned a level 3 spell: Passwall
  2385 | D:3      | Reached XP level 4. HP: 22/24 MP: 1/8
  3095 | D:3      | Found a blossoming altar of Fedhas.
  3097 | D:3      | Reached XP level 5. HP: 28/28 MP: 7/9
  3121 | D:3      | Found a stormy altar of Qazlal.
  3123 | D:3      | Found a broken altar of Ashenzari.
  3124 | D:3      | Found a basalt altar of Yredelemnul.
  3186 | D:3      | Found a transporter.
  3193 | D:3      | Noticed RockinRobin's ghost (amateur MDFi)
  3196 | D:3      | Found a transporter.
  3265 | D:3      | Reached skill level 5 in Earth Magic
  3306 | D:3      | Reached XP level 6. HP: 32/32 MP: 2/11
  3776 | D:2      | Killed Terence
  3825 | D:3      | Identified the +9 quarterstaff "Zuntouch" {flame, Will+
                  | Str-3 Dex+4}
  3891 | D:3      | Reached XP level 7. HP: 36/36 MP: 11/13
  3925 | D:3      | Reached skill level 6 in Earth Magic
  4532 | D:4      | Found an opulent altar of Gozag.
  4533 | D:4      | Found a radiant altar of Vehumet.
  4533 | D:4      | Found a hazy altar of Hepliaklqana.
  4535 | D:4      | Found a shimmering blue altar of Sif Muna.
  4630 | D:4      | Noticed Duvessa
  4630 | D:4      | Noticed Dowan
  4634 | D:4      | Killed Duvessa
  4635 | D:4      | Reached skill level 5 in Conjurations
  4640 | D:4      | Killed Dowan
  4704 | D:4      | Reached skill level 5 in Spellcasting
  4809 | D:4      | Noticed Ijyb
  4866 | D:4      | Noticed Blork the orc
  4868 | D:4      | Killed Blork the orc
  4869 | D:4      | Reached skill level 7 in Earth Magic
  4869 | D:4      | Reached XP level 8. HP: 41/41 MP: 8/15
  5259 | D:4      | Found a runed translucent door.
  5260 | D:4      | Noticed Crazy Yiuf
  5468 | D:4      | Killed Crazy Yiuf
  5697 | D:4      | Became a worshipper of Vehumet
  5727 | D:4      | Killed Ijyb
  5930 | D:3      | Killed RockinRobin's ghost
  6361 | D:5      | Entered Level 5 of the Dungeon
  6704 | D:5      | Reached skill level 8 in Earth Magic
  6943 | D:5      | Reached XP level 9. HP: 45/45 MP: 13/18
  6986 | D:5      | Found a staircase to the Ecumenical Temple.
  6995 | Temple   | Found a transporter.
  6995 | Temple   | Found a transporter.
  6995 | Temple   | Found a transporter.
  6995 | Temple   | Found a transporter.
  6995 | Temple   | Entered the Ecumenical Temple
  7377 | D:6      | Reached * piety under Vehumet
  7377 | D:6      | Offered knowledge of Magic Dart by Vehumet.
  7575 | D:6      | Noticed Edmund
  7581 | D:6      | Killed Edmund
  7657 | D:6      | Found a sparkling altar of Nemelex Xobeh.
  7690 | D:6      | Found an ornate altar of the Wu Jian Council.
  7704 | D:6      | Found a glowing silver altar of Zin.
  7727 | D:6      | Found an ancient bone altar of Kikubaaqudgha.
  7785 | D:6      | Found an iron altar of Okawaru.
  7828 | D:6      | Reached skill level 9 in Earth Magic
  7985 | D:6      | Reached skill level 1 in Fighting
  7985 | D:6      | Reached skill level 1 in Armour
  8125 | D:6      | Reached ** piety under Vehumet
  8125 | D:6      | Offered knowledge of Foxfire by Vehumet.
  8550 | D:7      | Reached skill level 5 in Stealth
  8553 | D:7      | Reached XP level 10. HP: 48/53 MP: 17/20
  8733 | D:7      | Offered knowledge of Mercury Vapours by Vehumet.
  9182 | D:7      | Reached *** piety under Vehumet
 10024 | D:8      | Offered knowledge of Iskenderun's Mystic Blast by Vehumet.
 10194 | D:9      | Found Xita's General Store.
 10197 | D:9      | Reached skill level 10 in Earth Magic
 10243 | D:9      | Found Oreera's Island Escapes.
 10804 | D:9      | Found a shadowy altar of Dithmenos.
 11047 | D:9      | Found a staircase to the Lair.
 11303 | D:10     | Entered Level 10 of the Dungeon
 11334 | D:10     | Reached **** piety under Vehumet
 11372 | D:10     | Noticed a purple ugly thing
 11378 | D:10     | Killed a purple ugly thing
 11379 | D:10     | Reached skill level 1 in Alchemy
 11399 | D:10     | Found a bloodstained altar of Trog.
 11411 | D:10     | Reached XP level 11. HP: 44/62 MP: 16/22
 11413 | D:10     | Offered knowledge of Mephitic Cloud by Vehumet.
 11523 | D:10     | Learned a level 5 spell: Irradiate
 11615 | D:10     | Reached skill level 5 in Fighting
 11689 | D:11     | Noticed a two-headed ogre
 11693 | D:11     | Killed a two-headed ogre
 11696 | D:11     | Noticed a white ugly thing
 11710 | D:10     | Mangled by a white ugly thing

Illustrated notes

Levels and vault maps discovered:
D:1:      scummos_arrival_checkerplants, layout_basic,
          dreamdust_ecumenical_altar_hidden_monk_grotto, serial_shops, shop,
          chequers_big_river, minmay_heptomino_o4
D:2:      layout_basic, uniq_terence
D:3:      lemuel_castle_with_subvaults [lemuel_castle_interior_carwin_3],
          layout_loops_ring, mainiacjoe_overflow_alcove_3,
          gammafunk_ghost_arena, minmay_misc_feat_room, st_stairs_2
D:4:      layout_loops_ring, chequers_temple_overflow_statue_of_worship,
          uniq_ijyb, uniq_duvessa, uniq_blork_the_orc, uniq_crazy_yiuf_cottage
D:5:      layout_gridville, minmay_temple_entry_drinking_statues,
          hellmonk_no_cap
D:6:      minmay_thinvault, layout_rooms, tgw_kikubaaqudgha,
          nicolae_overflow_quartered_altars, minmay_misc_feat_plants,
          roderic_batcave, nicolae_elevator_lobby_asterisk, uniq_edmund
D:7:      layout_gridville, kennysheep_big_empty_room
D:8:      layout_basic, serial_corexii_hall, corexii_hall_statues_l,
          corexii_hall_statues_deadend
D:9:      layout_long_grid, amcnicky_altar_gilded, david_lair_shrubbed,
          serial_shops, shop, nicolae_island_escapes
D:10:     layout_rooms, trog_book
D:11:     layout_basic, minmay_orc_entry_temple_small, uniq_lodul
Temple:   hellmonk_temple_divided_pantheon

Skill      XL: |  1  2  3  4  5  6  7  8  9 10 11 |
---------------+----------------------------------+-----
Earth Magic    | 4 5 7 8 9 10 | 10.8
Conjurations   | 2 3 4 5 6 7 9 |  9.3
Spellcasting   | 3 4 5 6 7 8 |  8.2
Stealth        | 4 5 6 |  6.0
Fighting       | 2 4 5 |  5.2
Armour         | 2 4 |  4.0
Dodging        | 2 |  2.0
Alchemy        | 1 2 |  2.4

Action                     |  1- 3 |  4- 6 |  7- 9 | 10-12 || total
---------------------------+-------+-------+-------+-------++-------
  Melee: Unarmed           |     1 |       |       |       ||     1
         Dagger            |       |    87 |       |       ||    87
         Quarterstaff      |       |     1 |    56 |    31 ||    88
   Cast: Sandblast         |    92 |   101 |   186 |   107 ||   486
         Stone Arrow       |       |       |    17 |    32 ||    49
         Passwall          |       |       |     1 |       ||     1
   Stab: Sleeping          |       |       |     1 |     1 ||     2
 Armour: Robe              |    57 |   118 |   173 |    93 ||   441
  Dodge: Dodged            |   103 |   133 |   169 |    78 ||   483
         Repelled          |     1 |     4 |     4 |       ||     9

Table legend: (Time is in decaauts)
 A = Elapsed time spent in this place.
 B = Non-inter-level travel time spent in this place.
 C = Inter-level travel time spent in this place.
 D = Time resting spent in this place.
 E = Time spent auto-exploring this place.
 F = Levels seen in this place.
 G = Mean time per level.
                   A        B        C        D        E       F      G
               +--------+--------+--------+--------+--------+-----+--------+
         Total |  12020 |  10594 |   1426 |     19 |   6647 |  12 | 1001.7 |
       Dungeon |  11994 |  10588 |   1406 |     19 |   6647 |  11 | 1090.4 |
        Temple |     25 |      5 |     20 |      0 |      0 |   1 |   25.0 |
               +--------+--------+--------+--------+--------+-----+--------+

Top non-repeatable levels by time:
     D:3: 2595 daAuts
     D:1: 1573 daAuts
     D:4: 1450 daAuts
     D:6: 1131 daAuts
     D:9: 1018 daAuts
     D:5: 964 daAuts
     D:2: 959 daAuts
     D:8: 943 daAuts
     D:7: 937 daAuts
    D:10: 402 daAuts
  Temple: 25 daAuts
    D:11: 20 daAuts
